 Dungeon Crawl Stone Soup version 0.26-a0-639-g72c4674329 (webtiles) character file.

Game seed: 16102997622519321157

(classic levelgen) 45585 EnegeticOcto the Severer (level 14, -1/135 HPs)
             Began as a Deep Dwarf Fighter on Sept 28, 2020.
             Was the Champion of Makhleb.
             Slain by a 16-headed hydra (7 damage)
             ... on level 3 of the Lair of Beasts.
             The game lasted 00:07:46 (9460 turns).

EnegeticOcto the Severer (Deep Dwarf Fighter)       Turns: 9460, Time: 00:07:47

Health: -1/135     AC: 26    Str: 25    XL:     14   Next: 1%
Magic:  16/16      EV: 11    Int:  9    God:    Makhleb [******]
Gold:   334        SH: 13    Dex: 12    Spells: 13/13 levels left

rFire    . . .     SeeInvis .   a - +6 war axe (freeze)
rCold    . . .     Faith    +   E - +0 kite shield
rNeg     + . .     Spirit   .   C - +0 plate armour
rPois    .         Reflect  .   s - +2 helmet
rElec    .         Harm     .   k - +0 cloak
rCorr    .         Rampage  .   g - +1 pair of gloves
MR       ++...                  (no boots)
Stlth    ..........             c - amulet of faith
HPRegen  0.00/turn              D - +4 ring of evasion
MPRegen  0.15/turn              p - +4 ring of protection

@: lethally poisoned (-1 -> -1), marked, non-regenerating, slowed, studying
Fighting, very slow
A: damage resistance, heal wounds, negative energy resistance 1, sense
surroundings 2, no regeneration
a: Heal Wounds, Minor Destruction, Lesser Servant of Makhleb, Major Destruction,
Greater Servant of Makhleb, Renounce Religion


You were on level 3 of the Lair of Beasts.
You worshipped Makhleb.
Makhleb was exalted by your worship.
You visited 4 branches of the dungeon, and saw 18 of its levels.

You collected 1970 gold pieces.
You spent 1636 gold pieces at shops.

Inventory:

Hand Weapons
 a - a +6 war axe of freezing (weapon)
Armour
 g - a +1 pair of gloves (worn)
 k - a +0 cloak (worn)
 s - a +2 helmet (worn)
 B - +0 swamp dragon scales
 C - a +0 plate armour (worn)
 E - a +0 kite shield (worn)
Jewellery
 c - an amulet of faith (around neck)
 p - a +4 ring of protection (right hand)
 D - a +4 ring of evasion (left hand)
 H - a +4 ring of evasion
Wands
 b - a wand of polymorph (10)
 l - a wand of digging (5) {@v3}
 w - a wand of acid (9) {@v1}
 A - a wand of disintegration (23)
 J - a wand of enslavement (9)
Scrolls
 f - a scroll of fog
 j - 6 scrolls of blinking
 m - 2 scrolls of teleportation {@r3}
 n - 2 scrolls of fear
 o - 4 scrolls of remove curse {@r2}
 r - 4 scrolls of identify {@r1}
Potions
 d - 3 potions of might {@q3}
 e - 3 potions of mutation
 h - 2 potions of lignification {@q7}
 i - 2 potions of flight
 q - 2 potions of resistance {@q6}
 u - a potion of stabbing {@q5}
 v - a potion of magic
 x - 6 potions of curing {@q1}
 z - 4 potions of haste {@q4}
 I - a potion of heal wounds {@q2}
Books
 F - a manual of Fighting
Miscellaneous
 t - a condenser vane (1/2)
 y - a tin of tremorstones (3/3)


   Skills:
 * Level 11.2 Fighting
 * Level 15.0 Axes
 + Level 11.4 Armour
 + Level 11.5 Shields
 + Level 11.0 Invocations
 + Level 7.0 Evocations


You had 13 spell levels left.
You didn't know any spells.
Your spell library was empty.

Dungeon Overview and Level Annotations

Branches:
Dungeon (12/15)            Temple (1/1) D:7            Lair (3/6) D:9
  Snake (0/4) Lair:3          Orc (2/2) D:11            Elf (0/3) Orc:2
  Swamp: Lair:2-4    Shoals: Lair:2-4

Altars:
Dithmenos
Elyvilon
Fedhas
Gozag
Hepliaklqana
Kikubaaqudgha
Makhleb
Nemelex Xobeh
Okawaru
Qazlal
Ru
Sif Muna
Trog
Uskayaw
Vehumet
Xom
Yredelemnul
The Shining One

Shops:
D:7 ?   Orc:1 *   Orc:2 *!**

Portals:
Trove: D:10 (give +6 demon blade)
Volcano: Lair:3

Annotations:
D:10 exclusion: 2 oklob plants


Innate Abilities, Weirdness & Mutations

You are resistant to damage.
You can heal yourself by infusing magical energy.
You resist negative energy. (rN+)
You passively map the area around you.
You do not regenerate.


Message History

The curare-tipped dart hits you.
You are more poisoned.
You have difficulty breathing.
You feel as though you will be slow longer.
You lop one of the 13-headed hydra's heads off!
The 12-headed hydra grows two more!
You slash the 14-headed hydra!
The 14-headed hydra seems to slow down.
You freeze the 14-headed hydra.
The 14-headed hydra is moderately wounded.
You feel very sick.
The spriggan rider throws a curare-tipped dart.
You block the curare-tipped dart.
The 14-headed hydra bites you but does no damage. x2
The 14-headed hydra bites you! You block the 14-headed hydra's attack.
The 14-headed hydra bites you but does no damage.
The 14-headed hydra bites you. x2; The 14-headed hydra barely misses you.
The 14-headed hydra closely misses you.
The 14-headed hydra bites you but does no damage.
The 14-headed hydra closely misses you.
The 14-headed hydra bites you but does no damage. x2
You block the 14-headed hydra's attack.
You barely miss the 14-headed hydra.
The 14-headed hydra is moderately wounded.
You feel sick.
A porcupine comes into view.
The 14-headed hydra completely misses you.
You block the 14-headed hydra's attack.
The 14-headed hydra bites you but does no damage.
You block the 14-headed hydra's attack.
The 14-headed hydra bites you but does no damage. x2
You block the 14-headed hydra's attack.
The 14-headed hydra bites you but does no damage. x2
You block the 14-headed hydra's attack. The 14-headed hydra closely misses you.
The 14-headed hydra bites you!
The 14-headed hydra completely misses you.
The 14-headed hydra misses you.
You hack one of the 14-headed hydra's heads off!
The 13-headed hydra grows two more!
You hit the 15-headed hydra.
The 15-headed hydra seems to slow down.
You freeze the 15-headed hydra.
The 15-headed hydra is lightly wounded.
You feel very sick.
The spriggan rider hits you from afar with a +0 spear.
A spriggan comes into view. It is wielding a +0 rapier.
You slice one of the 15-headed hydra's heads off!
The 14-headed hydra grows two more!
You slash the 16-headed hydra! You freeze the 16-headed hydra.
The 16-headed hydra is moderately wounded.
You hit the cane toad but do no damage.
You feel sick.
The cane toad stings you but does no damage.
The 16-headed hydra barely misses you.
You block the 16-headed hydra's attack. x2
The 16-headed hydra barely misses you.
The 16-headed hydra bites you but does no damage.
The 16-headed hydra bites you! The 16-headed hydra bites you.
The 16-headed hydra bites you but does no damage. x3
The 16-headed hydra closely misses you. The 16-headed hydra bites you!
* * * LOW HITPOINT WARNING * * *
The 16-headed hydra closely misses you.
The 16-headed hydra bites you but does no damage.
You block the 16-headed hydra's attack.
The 16-headed hydra bites you but does no damage.
The spriggan rider hits you but does no damage.
A spriggan comes into view. It is wielding a +0 short sword.
The cane toad stings you but does no damage.
You are too injured to fight recklessly!
You are too injured to fight recklessly!
You are too injured to fight recklessly!
You are too injured to fight recklessly!
You are too injured to fight recklessly!
You are too injured to fight recklessly!
You are too injured to fight recklessly!
You are too injured to fight recklessly!
You are too injured to fight recklessly!
You are too injured to fight recklessly!
You are too injured to fight recklessly!
You are too injured to fight recklessly!
You are too injured to fight recklessly!
You are too injured to fight recklessly!
You are too injured to fight recklessly!
A demon appears!
You feel sick.
The spriggan rider hits you from afar with a +0 spear!
* * * LOW HITPOINT WARNING * * *
A yak comes into view.
The cane toad stings you but does no damage.
You block the 16-headed hydra's attack. The 16-headed hydra barely misses you.
The 16-headed hydra bites you but does no damage. x2
The 16-headed hydra barely misses you.
The 16-headed hydra bites you but does no damage.
The 16-headed hydra bites you!
* * * LOW HITPOINT WARNING * * *
The 16-headed hydra bites you.
* * * LOW HITPOINT WARNING * * *
The 16-headed hydra bites you but does no damage.
The 16-headed hydra bites you!
* * * LOW HITPOINT WARNING * * *
You block the 16-headed hydra's attack. The 16-headed hydra barely misses you.
The 16-headed hydra misses you.
The 16-headed hydra bites you but does no damage.
The 16-headed hydra bites you.
* * * LOW HITPOINT WARNING * * *
The 16-headed hydra bites you!
You die...

*,,*,,,,***,***,,,,,,,,,,,,,*
***,,,**,**** ***,,,,,,,,,,**
*,,*,,** ##* *,,,,,,,,,**
***,,,,,*###∩###*,,,,,,,**
*,,,,*,,*#.....#*,*,,,,,*
**,,,*,,##......****,,,**
***,,,,**#..[..3##*,,,,,***
*,,,,,,,*#.....[.##,,,,,,,*
*,,***,**#....F@..#,,,,,,,**
*,** ****##...DY###,,,,,,,,*
*># #.##...i.#*,,.,,,,,,**
#.#* #.##...r?#*,..,,,,,*,*
#..* #..#...i##,...,,,,****
#.#* #..##.i##*....,,,,* ♣#.#
#...##.#*.....,,*** ♣#.##
#....#Y#......,** ♣#..#
###....#..#....,*,*


You could see a 16-headed hydra (slow), a spriggan rider, 2 yaks, a cane toad, 2
spriggans, a porcupine and a friendly ynoxinul (summoned).

Vanquished Creatures
  Gastronok (Lair:3)
  An orc warlord (Orc:2)
  Josephine (D:11)
  A hydra (Lair:2)
  Erica (D:9)
  4 two-headed ogres
  4 orc high priests
  A flayed ghost (D:11)
  5 orc knights
  9 orc sorcerers
  2 ugly things (D:11)
  A cyclops (Orc:2)
  A manticore (D:11)
  Joseph (D:8)
  Maurice (D:8)
  Maggie (D:6)
  4 cane toads
  A gargoyle (D:10)
  A komodo dragon (Lair:1)
  A kobold demonologist (D:9)
  4 trolls
  A polar bear (Lair:3)
  2 hornets
  A slime creature (D:11)
  9 hippogriffs
  5 blink frogs (Lair:2)
  7 spriggans
  A shadow (D:11)
  4 water elementals (D:12)
  7 wraiths
  A basilisk (D:12)
  A wyvern (D:10)
  3 fire bats (Lair:3)
  19 yaks
  Grum (D:8)
  4 wargs
  26 water moccasins
  2 acid dragons
  5 porcupines
  2 sky beasts
  24 orc warriors
  An eye of draining (D:10)
  A hornet zombie (D:11)
  A necrophage (D:11)
  4 black bears
  A boggart (Lair:3)
  3 phantoms
  11 wolves
  11 ogres
  6 centaurs
  7 crocodiles
  Blork the orc (D:6)
  9 big kobolds (D:9)
  5 bullfrogs
  A wyvern zombie (D:10)
  A wyvern skeleton (D:9)
  2 troll zombies (D:11)
  2 scorpions
  10 killer bees
  12 wights
  2 electric eels
  2 howler monkeys (D:11)
  A jelly (D:8)
  A quasit (D:8)
  2 centaur skeletons
  A bullfrog zombie (D:10)
  19 orc priests
  2 bullfrog skeletons
  3 hounds
  2 iguanas (D:9)
  21 orc wizards
  9 worker ants
  6 ogre zombies (D:11)
  A hound zombie (D:11)
  24 adders
  A shadow imp (D:6)
  4 white imps
  7 ufetubi
  An ooze (D:1)
  4 adder zombies
  A worm (D:3)
  2 dart slugs (D:1)
  9 leopard geckos
  62 orcs
  7 bats
  6 giant cockroaches
  3 goblins
  6 hobgoblins
  10 jackals
  21 kobolds
  2 quokkas
  2 ball pythons
  A ball python zombie (D:5)
  5 frilled lizards
  2 goblin skeletons (D:11)
  4 goblin zombies (D:11)
  2 hobgoblin zombies (D:11)
  A leopard gecko skeleton (D:5)
  2 orc skeletons (D:11)
  15 orc zombies (D:11)
  A quokka skeleton (D:7)
  A quokka zombie (D:9)
  2 rats (D:1)
540 creatures vanquished.

Vanquished Creatures (others)
  9 fungi
  52 plants
61 creatures vanquished.

Grand Total: 601 creatures vanquished

Notes
Turn   | Place    | Note
-------+----------+-------------------------------------------
     0 | D:1      | EnegeticOcto the Deep Dwarf Fighter began the quest for the
                  | Orb.
     0 | D:1      | Reached XP level 1. HP: 20/20 MP: 1/1
   182 | D:1      | Reached XP level 2. HP: 21/27 MP: 2/2
   469 | D:1      | Reached skill level 3 in Axes
   507 | D:1      | Reached XP level 3. HP: 23/33 MP: 3/3
   661 | D:2      | Found a white marble altar of Elyvilon.
   661 | D:2      | Found an opulent altar of Gozag.
   807 | D:3      | Reached XP level 4. HP: 29/42 MP: 4/4
   898 | D:3      | Found a shadowy altar of Dithmenos.
  1080 | D:4      | Reached skill level 4 in Axes
  1080 | D:4      | Reached XP level 5. HP: 25/49 MP: 5/5
  1648 | D:5      | Entered Level 5 of the Dungeon
  1694 | D:5      | Noticed a centaur
  1701 | D:5      | Killed a centaur
  1766 | D:5      | Noticed a centaur
  1775 | D:5      | Killed a centaur
  1775 | D:5      | Reached XP level 6. HP: 51/57 MP: 5/5
  1819 | D:5      | Reached skill level 5 in Axes
  1886 | D:5      | Found a sacrificial altar of Ru.
  2241 | D:6      | Reached XP level 7. HP: 52/64 MP: 5/5
  2249 | D:6      | Reached skill level 5 in Shields
  2250 | D:6      | Reached skill level 5 in Armour
  2251 | D:6      | Found a shimmering altar of Xom.
  2338 | D:6      | Reached skill level 6 in Axes
  2347 | D:6      | Noticed Maggie
  2371 | D:6      | Killed Maggie
  2372 | D:6      | Reached XP level 8. HP: 32/73 MP: 6/6
  2394 | D:6      | Found a hazy altar of Hepliaklqana.
  2420 | D:6      | Noticed Blork the orc
  2433 | D:6      | Killed Blork the orc
  2433 | D:6      | Reached skill level 7 in Axes
  2709 | D:7      | Reached skill level 5 in Fighting
  2851 | D:7      | Reached skill level 8 in Axes
  3348 | D:7      | Found Vifraghi's Magic Scroll Shoppe.
  3377 | D:7      | Gained mutation: You passively map the area around you.
                  | [Deep Dwarf growth]
  3377 | D:7      | Reached XP level 9. HP: 51/81 MP: 7/7
  3440 | D:7      | Found a staircase to the Ecumenical Temple.
  3449 | Temple   | Entered the Ecumenical Temple
  3562 | Temple   | Became a worshipper of Makhleb the Destroyer
  3738 | D:7      | Bought a scroll of brand weapon for 300 gold pieces
  3796 | D:8      | Noticed Maurice
  3815 | D:8      | Killed Maurice
  3815 | D:8      | Reached skill level 1 in Invocations
  3872 | D:8      | Found an iron altar of Okawaru.
  3883 | D:8      | Noticed a two-headed ogre
  3890 | D:8      | Killed a two-headed ogre
  3890 | D:8      | Reached skill level 9 in Axes
  3989 | D:8      | Noticed Joseph
  4008 | D:8      | Killed Joseph
  4110 | D:8      | Noticed a two-headed ogre
  4120 | D:8      | Killed a two-headed ogre
  4120 | D:8      | Reached skill level 10 in Axes
  4120 | D:8      | Reached XP level 10. HP: 44/92 MP: 8/10
  4133 | D:8      | Reached * piety under Makhleb
  4297 | D:8      | Noticed Grum
  4320 | D:8      | Killed Grum
  4520 | D:8      | Found a stormy altar of Qazlal.
  4567 | D:9      | Reached skill level 5 in Invocations
  4624 | D:9      | Found a staircase to the Lair.
  4629 | D:9      | Noticed Erica
  4630 | D:9      | Noticed a two-headed ogre
  4632 | D:9      | Reached ** piety under Makhleb
  4639 | D:9      | Reached skill level 11 in Axes
  4642 | D:9      | Killed a two-headed ogre
  4658 | D:9      | Killed Erica
  4658 | D:9      | Reached XP level 11. HP: 78/100 MP: 11/11
  4801 | D:9      | Reached *** piety under Makhleb
  5250 | D:10     | Entered Level 10 of the Dungeon
  5305 | D:10     | Reached **** piety under Makhleb
  5471 | D:10     | Reached skill level 12 in Axes
  5494 | D:10     | Found a portal to a secret trove of treasure.
  5758 | D:10     | Found a blossoming altar of Fedhas.
  5760 | D:10     | Noticed an oklob plant
  5760 | D:10     | Noticed an oklob plant
  5921 | D:11     | Found a staircase to the Orcish Mines.
  5935 | D:11     | Reached ***** piety under Makhleb
  6112 | D:11     | Noticed a white ugly thing
  6116 | D:11     | Noticed a flayed ghost
  6126 | D:11     | Killed a white ugly thing
  6128 | D:11     | Noticed a white ugly thing
  6129 | D:11     | Noticed Josephine
  6135 | D:11     | Killed a flayed ghost
  6135 | D:11     | Reached XP level 12. HP: 110/110 MP: 14/14
  6153 | D:11     | Killed Josephine
  6157 | D:11     | Reached skill level 10 in Shields
  6162 | D:11     | Reached skill level 13 in Axes
  6172 | D:11     | Reached skill level 10 in Armour
  6815 | D:12     | Reached skill level 1 in Evocations
  6939 | Orc:1    | Entered Level 1 of the Orcish Mines
  6940 | Orc:1    | Noticed an orc high priest
  6948 | Orc:1    | Reached ****** piety under Makhleb
  6963 | Orc:1    | Killed an orc high priest
  7279 | Orc:1    | Noticed a two-headed ogre
  7287 | Orc:1    | Killed a two-headed ogre
  7303 | Orc:1    | Found Vixzoot's General Store.
  7333 | Orc:2    | Entered Level 2 of the Orcish Mines
  7388 | Orc:2    | Noticed an orc warlord
  7431 | Orc:2    | Killed an orc warlord
  7590 | Orc:2    | Found a staircase to the Elven Halls.
  7687 | Orc:2    | Reached XP level 13. HP: 82/121 MP: 14/14
  7688 | Orc:2    | Found a bloodstained altar of Trog.
  7786 | Orc:2    | Found Sosarch's Assorted Antiques.
  7799 | Orc:2    | Reached skill level 14 in Axes
  7826 | Orc:2    | Reached skill level 10 in Invocations
  7829 | Orc:2    | Reached skill level 5 in Evocations
  7874 | Orc:2    | Reached skill level 10 in Fighting
  7912 | Orc:2    | Found Bigefege's General Store.
  7918 | Orc:2    | Found Urui's Distillery.
  7920 | Orc:2    | Found Weicwar's General Store.
  7928 | Orc:2    | Bought a +4 ring of protection for 576 gold pieces
  7928 | Orc:2    | Bought a scroll of enchant weapon for 120 gold pieces
  7932 | Orc:2    | Bought a potion of haste for 160 gold pieces
  7932 | Orc:2    | Bought a potion of resistance for 160 gold pieces
  7932 | Orc:2    | Bought a potion of resistance for 160 gold pieces
  7932 | Orc:2    | Bought a potion of haste for 160 gold pieces
  8226 | Lair:1   | Entered Level 1 of the Lair of Beasts
  9429 | Lair:3   | Noticed Gastronok
  9431 | Lair:3   | Found a dark tunnel.
  9446 | Lair:3   | Killed Gastronok
  9446 | Lair:3   | Reached skill level 15 in Axes
  9446 | Lair:3   | Gained mutation: You resist negative energy. (rN+) [Deep
                  | Dwarf growth]
  9446 | Lair:3   | Reached XP level 14. HP: 106/135 MP: 16/16
  9460 | Lair:3   | HP: 6/135 [16-headed hydra (1)]
  9460 | Lair:3   | Slain by a 16-headed hydra

Illustrated notes

Levels and vault maps discovered:
D:1:      eino_arrival_water_star, layout_basic
D:2:      layout_basic, gammafunk_temple_overflow_pools,
          gammafunk_temple_overflow_statue
D:3:      layout_basic, old_standard_altar, overflow_temple_1_default,
          minmay_ruptured
D:4:      layout_basic
D:5:      layout_loops_cross, nicolae_ru_awakened_eye
D:6:      layout_rooms, nicolae_overflow_hidden_temple, lemuel_round_altar,
          uniq_blork_the_orc, uniq_maggie
D:7:      layout_basic, minmay_temple_entry_enclosed_plants, serial_shops,
          nicolae_shop_waterfront, the_bakery
D:8:      layout_cave_pods, lemuel_coloured_pillars_altar, basic_altar,
          uniq_maurice, uniq_joseph, uniq_grum
D:9:      layout_roguey [special_room_kobold], minmay_lair_entry_grove,
          uniq_erica
D:10:     layout_roguey, enter_trove_2, hangedman_tree_tricks
D:11:     minmay_the_grid_plus [minmay_the_grid_minigrid_small_alt,
          minmay_the_grid_tree, minmay_the_grid_doors, minmay_the_grid_garden,
          minmay_the_grid_prize_diamond_cup], layout_loops_ring,
          zombieorc2_lemuel, uniq_josephine
D:12:     layout_basic, serial_bayou, serial_bayou_lagoon_a,
          serial_bayou_ford_a, serial_bayou_shore_b, serial_bayou_lake_a
Temple:   hc_temple_tempest_star
Lair:1:   layout_concentric_octagons, chequers_serial_rivers_small_3,
          serial_bayou_shore_a, infiniplex_staircase_pool
Lair:2:   lemuel_reptile_caves, layout_long_grid, lemuel_fruit_tree,
          lemuel_fruit_fields, grunt_megastairs_4
Lair:3:   kb_forest_paths, layout_gridlike, dummy_snake_entry,
          nicolae_volcano_entry_batcave, lemuel_another_geyser, uniq_gastronok
Orc:1:    layout_caves, serial_shops, nicolae_shop_behind_doors
Orc:2:    st_orc_elflike, layout_caves, bloody_trog

Skill      XL: |  1  2  3  4  5  6  7  8  9 10 11 12 13 |
---------------+----------------------------------------+-----
Axes           | 3 4 5 6 8 10 11 12 13 15 | 15.0
Fighting       | 3 4 5 6 7 8 9 11 | 11.2
Armour         | 4 5 6 7 8 9 10 11 | 11.4
Shields        | 4 5 6 7 8 9 10 11 | 11.5
Invocations    | 4 6 8 9 11 | 11.0
Evocations     | 4 7 |  7.0

Action                   |  1- 3 |  4- 6 |  7- 9 | 10-12 | 13-15 || total
-------------------------+-------+-------+-------+-------+-------++-------
Melee: War axe           |   113 |   121 |   253 |   696 |   396 ||  1579
Invok: Lesser Servant of |       |       |       |       |     2 ||     2
 Abil: Heal Wounds       |     1 |     3 |    10 |    14 |     2 ||    30
Evoke: Wand              |       |       |     1 |       |     1 ||     2
       Condenser vane    |       |       |       |     2 |     1 ||     3
  Use: Scroll            |       |       |    20 |     7 |     2 ||    29
       Potion            |       |       |       |     1 |     2 ||     3
Armor: Scale mail        |    50 |    49 |    29 |       |       ||   128
       Plate armour      |       |       |    67 |   322 |   234 ||   623
       Skin              |       |       |     3 |       |       ||     3
Dodge: Dodged            |    24 |    47 |    75 |   215 |   188 ||   549
Block: Kite shield       |    58 |    69 |   135 |   438 |   248 ||   948

Table legend: (Time is in decaauts)
 A = Elapsed time spent in this place.
 B = Non-inter-level travel time spent in this place.
 C = Inter-level travel time spent in this place.
 D = Time resting spent in this place.
 E = Time spent auto-exploring this place.
 F = Levels seen in this place.
 G = Mean time per level.
                   A        B        C        D        E       F      G
               +--------+--------+--------+--------+--------+-----+--------+
         Total |   9490 |   8808 |    682 |     11 |   6167 |  18 |  527.2 |
       Dungeon |   6967 |   6447 |    520 |     11 |   4516 |  12 |  580.6 |
        Temple |    134 |    114 |     20 |      0 |    108 |   1 |  134.0 |
          Lair |   1203 |   1085 |    118 |      0 |    756 |   3 |  401.0 |
  Orcish Mines |   1184 |   1161 |     23 |      0 |    787 |   2 |  592.0 |
               +--------+--------+--------+--------+--------+-----+--------+

Top non-repeatable levels by time:
     D:7: 993 daAuts
    D:11: 893 daAuts
  Lair:2: 856 daAuts
     D:8: 814 daAuts
   Orc:2: 792 daAuts
     D:4: 712 daAuts
     D:9: 694 daAuts
    D:10: 631 daAuts
     D:1: 602 daAuts
     D:5: 591 daAuts
     D:6: 449 daAuts
   Orc:1: 391 daAuts
     D:3: 291 daAuts
    D:12: 181 daAuts
  Lair:3: 180 daAuts
